 Dungeon Sprint DCSS version 0.24-b1-48-gd9db55c (webtiles) character file.

Game seed: 6270395952580027357, levelgen mode: deterministic

2700000 Fang the Conqueror (level 21, -16/204 HPs)
             Began as a Demonspawn Gladiator on Oct 24, 2019.
             Was a High Priest of Makhleb.
             Killed from afar by a large bag of meat (38 damage)
             ... with an exploding inner flame
             ... in the Dungeon (Sprint VIII: "Arena of Blood").
             The game lasted 00:01:05 (27 turns).

Fang the Conqueror (Demonspawn Gladiator)             Turns: 27, Time: 00:01:05

Health: -16/204    AC:  6    Str: 23    XL:     21   Next: 13%
Magic:  20/48      EV: 32    Int: 11    God:    Makhleb [*****.]
Gold:   0          SH:  0    Dex: 15    Spells: 66/66 levels left

rFire    . . .     SeeInvis .   l - +∞ Axe of Woe
rCold    . . .     Gourm    .   (shield currently unavailable)
rNeg     + . .     Faith    .   b - +0 leather armour
rPois    .         Spirit   .   (helmet restricted)
rElec    .         Reflect  .   (no cloak)
rCorr    .         Harm     .   (no gloves)
MR       +....     NoTele   +   (no boots)
Stlth    ++++......             (no amulet)
HPRegen  0.44/turn              (no ring)
MPRegen  0.31/turn              (no ring)

@: no status effects
A: horns 2, negative energy resistance 1, nightstalker 3, spiny 2, 50% torment
resistance, sturdy frame 3
a: Minor Destruction, Lesser Servant of Makhleb, Major Destruction, Greater
Servant of Makhleb, Renounce Religion


You were in the Dungeon.
You worshipped Makhleb.
Makhleb was extremely pleased with you.
You were not hungry.

You visited 1 branch

Inventory:

Hand Weapons
 a - a +0 war axe
 l - the +∞ Axe of Woe (weapon)
   (You found it in the Dungeon)
Missiles
 d - 3 throwing nets (quivered)
Armour
 b - a +0 leather armour (worn)
 c - a +0 helmet
Scrolls
 k - a scroll of blinking
Potions
 e - a potion of curing
 g - a potion of heal wounds
 h - a potion of haste
 i - 2 potions of magic
 j - a potion of berserk rage
Comestibles
 f - a ration


   Skills:
 O Level 27 Fighting
 O Level 27 Axes
 O Level 27 Throwing
 O Level 27 Armour
 O Level 27 Dodging
 O Level 27 Unarmed Combat
 + Level 23.1 Spellcasting


You had 66 spell levels left.
You didn't know any spells.
Your spell library was empty.

Dungeon Overview and Level Annotations

Branches:
Dungeon (1/1)

Altars:
Makhleb


Innate Abilities, Weirdness & Mutations

You have a pair of horns on your head.
You resist negative energy. (rN+)
You are completely attuned to the shadows.
You are mostly covered in sharp spines.
You are somewhat able to resist unholy torments (1 in 2 success).
Your movements are significantly less encumbered by armour. (ER -6)


Message History

You feel a strange anaesthesia.
You hear a shout! x5
You hear a shout! x8
The large bag of meat is struck by your spines.
The large bag of meat hits you with a +9 giant spiked club!!!!
Ouch! That really hurt!
The large bag of meat hits you with a +9 giant spiked club!!!
* * * LOW HITPOINT WARNING * * *
You hear a shout! x3
A destroyer comes into view.
It is wielding a +9 great sword of slicing. x2
You hear a shout!
You hear two shouts!
Things that are here:
a +9 battleaxe; a +30 ring of slaying; a meat berserker corpse You are too injured to fight recklessly!
You are too injured to fight recklessly!
You dice the large bag of meat like an onion!!!
You slaughter the large bag of meat joyfully.
The large bag of meat explodes!
The fiery explosion engulfs you!!!
You die...

.... .. ..... ..
#... ..# . #...
..# ..###.V.
..###.
.......###).....
.......)_)).....
#..)))#..
#_.§@§# #..§..#
..V..§§§....
......###......
..###... ..###.
. #... ..# #...
..# o.... ..


You could see 2 destroyers.

Vanquished Creatures
  A vampire knight (D)
  8 ogres (D)
  13 orcs (D)
22 creatures vanquished.

Notes
Turn   | Place    | Note
-------+----------+-------------------------------------------
     0 | D        | Found the +∞ Axe of Woe
     0 | D        | Fang the Demonspawn Gladiator began the quest for the Orb.
     0 | D        | Reached XP level 1. HP: 16/16 MP: 1/1
     4 | D        | Became a worshipper of Makhleb the Destroyer
     4 | D        | Noticed a bag of meat
     5 | D        | Noticed a bag of meat
     8 | D        | Noticed a bag of meat
     8 | D        | Noticed a bag of meat
     8 | D        | Noticed a meat berserker
     8 | D        | Noticed a meat berserker
    10 | D        | Noticed a bag of meat
    10 | D        | Noticed a bag of meat
    11 | D        | Noticed a meat berserker
    12 | D        | Killed a bag of meat
    12 | D        | Gained mutation: You are slightly more attuned to the
                  | shadows. [demonic ancestry]
    12 | D        | Reached XP level 2. HP: 43/43 MP: 2/2
    12 | D        | Reached XP level 3. HP: 49/49 MP: 3/3
    12 | D        | Gained mutation: Your movements are slightly less
                  | encumbered by armour. (ER -2) [demonic ancestry]
    12 | D        | Reached XP level 4. HP: 56/56 MP: 4/4
    12 | D        | Reached XP level 5. HP: 62/62 MP: 5/5
    12 | D        | Reached XP level 6. HP: 69/69 MP: 6/6
    12 | D        | Reached XP level 7. HP: 75/75 MP: 7/7
    12 | D        | Reached XP level 8. HP: 82/82 MP: 8/8
    12 | D        | Gained mutation: You are significantly more attuned to the
                  | shadows. [demonic ancestry]
    12 | D        | Reached XP level 9. HP: 88/88 MP: 9/9
    12 | D        | Gained mutation: You are partially covered in sharp spines.
                  | [demonic ancestry]
    12 | D        | Reached XP level 10. HP: 95/95 MP: 10/10
    12 | D        | Gained mutation: You are mostly covered in sharp spines.
                  | [demonic ancestry]
    12 | D        | Reached XP level 11. HP: 101/101 MP: 11/11
    12 | D        | Killed a meat berserker
    12 | D        | Reached * piety under Makhleb
    12 | D        | Reached XP level 12. HP: 116/116 MP: 12/12
    12 | D        | Gained mutation: Your movements are less encumbered by
                  | armour. (ER -4) [demonic ancestry]
    12 | D        | Reached XP level 13. HP: 122/122 MP: 13/13
    13 | D        | Killed a meat berserker
    13 | D        | Gained mutation: You have a pair of small horns on your
                  | head. [demonic ancestry]
    13 | D        | Reached XP level 14. HP: 107/136 MP: 14/14
    13 | D        | Noticed a meat berserker
    13 | D        | Noticed a meat berserker
    14 | D        | Killed a bag of meat
    14 | D        | Gained mutation: You have a pair of horns on your head.
                  | [demonic ancestry]
    14 | D        | Reached XP level 15. HP: 98/144 MP: 15/15
    14 | D        | Noticed a meat berserker
    14 | D        | Noticed a meat berserker
    15 | D        | Reached ** piety under Makhleb
    15 | D        | Killed a meat berserker
    15 | D        | Gained mutation: You are completely attuned to the shadows.
                  | [demonic ancestry]
    15 | D        | Reached XP level 16. HP: 65/157 MP: 16/16
    16 | D        | Reached *** piety under Makhleb
    16 | D        | Killed a meat berserker
    16 | D        | Reached XP level 17. HP: 141/171 MP: 17/17
    16 | D        | Killed a meat berserker
    16 | D        | Reached skill level 27 in Fighting
    17 | D        | Noticed a meat berserker
    18 | D        | Killed a meat berserker
    18 | D        | Reached **** piety under Makhleb
    18 | D        | Reached skill level 27 in Axes
    18 | D        | Reached skill level 27 in Throwing
    18 | D        | Reached skill level 27 in Dodging
    18 | D        | Gained mutation: You resist negative energy. (rN+) [demonic
                  | ancestry]
    18 | D        | Reached XP level 18. HP: 80/182 MP: 18/18
    18 | D        | Killed a meat berserker
    19 | D        | Killed a meat berserker
    19 | D        | Gained mutation: Your movements are significantly less
                  | encumbered by armour. (ER -6) [demonic ancestry]
    19 | D        | Reached XP level 19. HP: 189/189 MP: 19/19
    20 | D        | Noticed a destroyer
    20 | D        | Reached ***** piety under Makhleb
    20 | D        | Reached skill level 27 in Unarmed Combat
    20 | D        | Reached skill level 10 in Armour
    22 | D        | Reached XP level 20. HP: 197/197 MP: 20/20
    24 | D        | Killed a destroyer
    24 | D        | Reached skill level 27 in Armour
    25 | D        | Noticed a large bag of meat
    25 | D        | Gained mutation: You are somewhat able to resist unholy
                  | torments (1 in 2 success). [demonic ancestry]
    25 | D        | Reached XP level 21. HP: 204/204 MP: 20/48
    26 | D        | Noticed a destroyer
    26 | D        | Noticed a destroyer
    27 | D        | Killed a large bag of meat
    27 | D        | Killed from afar by a large bag of meat

Skill      XL: |  1  2  3  4  5  6  7  8  9 10 11 12 13 14 15 16 17 18 19 20 |
---------------+-------------------------------------------------------------+-----
Fighting       | 14 18 20 21 23 26 27 | 27.0
Axes           | 13 17 19 22 24 27 | 27.0
Throwing       | 13 16 19 22 24 27 | 27.0
Dodging        | 13 17 19 22 24 27 | 27.0
Unarmed Combat | 3 24 27 | 27.0
Armour         | 19 27 | 27.0
Spellcasting   | 23 | 23.1

Action                   |  1- 3 |  4- 6 |  7- 9 | 10-12 | 13-15 | 16-18 | 19-21 || total
-------------------------+-------+-------+-------+-------+-------+-------+-------++-------
Melee: Executioner's axe |     1 |       |       |       |     3 |     3 |     6 ||    13
Armor: Leather armour    |       |       |       |       |       |       |     1 ||     1
